Map: Zona del Vuoto

Players

bgscs

  • Race: Protoss Protoss

Dima

  • Race: Terran Terran

Obbe

  • Race: Terran Terran
  • League: Silver

DeeCosta

  • Race: Terran Terran
  • League: Bronze

dgt - Winner!

  • Race: Terran Terran

Jhyrachy - Winner!

  • Race: Zerg Zerg
  • League: Gold

Mart - Winner!

  • Race: Zerg Zerg

BaustoBlack - Winner!

  • Race: Terran Terran

VOD

Have the link to the VOD?

Description

Time

  • Played on: April 16, 2016, 4:20 p.m.
  • Length: 21:03
Show
View Real Time Build Order
Export as new Build Order

bgscs Protoss 

Build Orders: Blink Stalkers 

Get SALT Encoding   

  12  0:03  Probe (Chrono Boost)  
  13  0:18  Probe (Chrono Boost)  
  14  0:24  Pylon  
  15  0:28  Probe (Chrono Boost)  
  16  0:43  Probe (Chrono Boost)  
  16  0:44  Gateway  
  16  0:46  Pylon  
  16  0:49  Assimilator  
  16  0:59  Probe (Chrono Boost)  
  17  1:10  Probe (Chrono Boost)  
  18  1:20  Probe (Chrono Boost)  
  19  1:31  Probe (Chrono Boost)  
  20  1:34  Cybernetics Core  
  20  1:40  Assimilator  
  20  1:41  Probe (Chrono Boost), Pylon  
  20  1:45  Zealot  
  23  1:52  Probe (Chrono Boost)  
  24  2:03  Probe (Chrono Boost)  
  25  2:12  Zealot, Warp Gate (Chrono Boost)  
  25  2:13  Probe (Chrono Boost)  
  28  2:24  Mothership Core (Chrono Boost)  
  30  2:33  Twilight Council  
  30  2:35  Robotics Facility  
  30  2:42  Probe (Chrono Boost)  
  31  2:58  Probe (Chrono Boost)  
  32  3:05  Stalker  
  32  3:10  Probe  
  32  3:12  Nexus  
  35  3:14  Pylon  
  35  3:17  Pylon  
  35  3:21  Blink (Chrono Boost)  
  35  3:23  Observer  
  35  3:26  Probe  
  37  3:32  Gateway  
  37  3:38  Forge  
  37  3:39  Pylon  
  37  3:41  Probe  
  38  3:44  Observer  
  39  3:53  Probe  
  40  3:57  Gateway  
  40  4:07  Immortal  
  44  4:32  Photon Cannon  
  44  4:36  Gateway  
  44  4:38  Probe, Gateway  
  44  4:39  Assimilator  
  44  4:45  Assimilator  
  45  4:47  Stalker  
  45  4:49  Probe  
  48  4:59  Probe  
  49  5:10  Probe  
  50  5:20  Probe  
  50  5:24  Stalker  
  53  5:39  Immortal (Chrono Boost)  
  53  5:47  Probe  
  53  5:49  Protoss Ground Weapons Level 1 (Chrono Boost)  
  58  6:02  Pylon  
  58  6:05  Pylon  
  58  6:08  Photon Cannon  
  58  6:15  Observer  
  58  6:17  Stalker x2  
  58  6:18  Stalker x3  
  69  6:34  Observer  
  70  6:47  Photon Cannon  
  70  6:51  Stalker x3  
  70  6:52  Stalker x2  
  70  6:53  Pylon  
  80  6:56  Pylon  
  80  7:04  Immortal, Pylon  
  80  7:06  Pylon  
  84  7:26  Nexus  
  84  7:28  Pylon  
  84  7:31  Pylon  
  84  7:34  Pylon  
  84  7:40  Observer  
  85  7:46  Protoss Ground Weapons Level 2 (Chrono Boost)  
  85  7:53  Robotics Bay  
  85  7:56  Pylon  
  85  8:15  Photon Cannon  
  85  8:18  Photon Cannon  
  85  8:39  Colossus  
  85  8:43  Extended Thermal Lance (Chrono Boost)  
  91  8:55  Pylon  
  91  8:58  Pylon  
  91  9:00  Pylon  
  91  9:01  Pylon  
  91  9:02  Pylon, Stalker x2  
  95  9:12  Stalker  
  95  9:13  Assimilator  
  95  9:15  Assimilator  
  97  9:38  Protoss Ground Armor Level 1  
  97  9:44  Colossus  
  103  10:01  Stalker x3  
  103  10:02  Stalker x2  
  113  10:12  Observer Gravitic Boosters (Chrono Boost)  
  113  10:27  Stalker x2  
  113  10:28  Stalker x3  
  123  10:31  Colossus  
  129  10:53  Stalker x4  
  129  10:54  Stalker  
  139  11:11  Protoss Ground Weapons Level 3  
  139  11:17  Colossus  
  145  11:33  Stalker x5  
  101  12:26  Stalker  
  101  12:27  Stalker x4  
  99  12:45  Colossus  
  99  12:55  Stalker x5  
  113  13:51  Stalker x2  
  113  13:52  Stalker x2  
Show
View Real Time Build Order
Export as new Build Order

Dima Terran 

Build Orders:  

Get SALT Encoding   

  12  0:03  SCV  
  13  1:22  Command Center  
  14  1:25  SCV  
  14  1:37  SCV  
  14  1:38  Engineering Bay  
  15  1:58  Supply Depot  
  15  2:09  Supply Depot  
  15  2:20  SCV  
  15  2:21  Supply Depot  
  16  2:32  SCV  
  16  2:33  Barracks  
  17  2:37  Refinery  
  17  2:44  Refinery, SCV  
  18  2:52  Refinery  
  18  2:56  Refinery, SCV  
  19  3:11  SCV  
  20  3:14  SCV  
  21  3:23  SCV  
  21  3:26  SCV  
  23  3:35  SCV  
  23  3:39  SCV  
  25  3:45  Factory  
  25  3:47  SCV  
  26  3:51  SCV  
  27  3:59  Planetary Fortress  
  27  4:03  SCV  
  28  4:12  Missile Turret  
  28  4:29  Barracks Tech Lab  
  28  4:31  Factory Tech Lab  
  28  4:34  Missile Turret, Supply Depot  
  28  4:37  Hi-Sec Auto Tracking  
  28  4:41  SCV  
  28  4:44  SCV  
  30  4:53  Siege Tank, SCV  
  30  4:56  SCV  
  35  5:05  SCV  
  36  5:08  SCV  
  36  5:13  Starport  
  37  5:17  SCV  
  37  5:20  SCV  
  39  5:25  Siege Tank  
  42  5:33  Neosteel Frame  
  42  5:42  Missile Turret  
  42  5:54  Marine  
  42  5:56  Starport Tech Lab  
  43  5:57  Siege Tank  
  43  5:59  Starport  
  43  6:03  Missile Turret  
  46  6:04  SCV  
  47  6:11  Marine  
  47  6:12  Orbital Command  
  47  6:16  SCV  
  47  6:17  Missile Turret  
  49  6:28  SCV  
  49  6:29  Siege Tank, Marine  
  54  6:33  Bunker  
  54  6:39  Missile Turret  
  54  6:40  SCV  
  55  6:47  Marine  
  55  6:52  Building Armor  
  55  6:53  SCV  
  57  7:01  Starport Tech Lab  
  57  7:05  Marine  
  58  7:08  Fusion Core  
  58  7:13  SCV  
  59  7:23  Marine  
  59  7:26  SCV  
  61  7:32  Command Center  
  61  7:38  SCV  
  62  7:50  Marine  
  63  8:02  Armory  
  63  8:08  Marine  
  63  8:09  Battlecruiser x2  
  76  8:22  Widow Mine  
  78  8:39  Combat Shields  
  78  8:43  Terran Infantry Weapons Level 1  
  78  8:51  Widow Mine, Terran Vehicle Weapons Level 1  
  80  8:55  Supply Depot  
  80  9:04  Supply Depot  
  80  9:19  Missile Turret, Widow Mine  
  82  9:27  Supply Depot  
  82  9:48  Widow Mine  
  84  10:10  Bunker  
  84  10:16  Widow Mine, Battlecruiser  
  84  10:17  Battlecruiser  
  98  10:23  Behemoth Reactor  
  98  10:31  Armory  
  98  10:40  SCV  
  95  11:20  Weapon Refit  
  95  11:21  Battlecruiser x2  
  107  11:27  Siege Tank  
  107  11:30  Terran Vehicle And Ship Armor Level 1  
  107  11:31  Terran Vehicle Weapons Level 2  
  110  11:36  Supply Depot  
  110  11:59  Siege Tank  
  101  12:09  Missile Turret  
  101  12:24  Marine  
  101  12:29  Missile Turret  
  105  12:42  Marine  
  105  12:48  Widow Mine  
  104  13:00  Marine  
  104  13:01  Missile Turret x2  
  105  13:17  Widow Mine  
  105  13:18  Marine  
  108  13:22  Missile Turret  
  108  13:36  Marine  
  109  13:46  Widow Mine  
  111  13:52  Battlecruiser x2  
  123  14:00  Terran Vehicle Weapons Level 3  
  123  14:01  Terran Vehicle And Ship Armor Level 2  
  123  14:14  Widow Mine  
  118  14:56  Battlecruiser x2  
  118  14:59  Widow Mine  
  130  15:28  Widow Mine  
  111  15:56  Widow Mine  
  109  16:09  Battlecruiser  
  115  16:16  Supply Depot  
  115  16:25  Widow Mine, Battlecruiser  
  123  16:29  Supply Depot  
  123  16:31  Supply Depot  
  123  16:37  Terran Ship Weapons Level 1  
  123  16:39  Supply Depot  
  123  16:40  Missile Turret  
  123  16:42  Missile Turret  
  123  16:45  Missile Turret  
  123  16:48  Missile Turret  
  123  16:53  Widow Mine, Supply Depot  
  125  16:57  Terran Vehicle And Ship Armor Level 3  
  125  17:08  Missile Turret  
  125  17:11  Missile Turret  
  125  17:13  Battlecruiser  
  131  17:16  Missile Turret  
  131  17:29  Battlecruiser  
  67  18:39  Widow Mine  
  31  19:40  Orbital Command  
Show
View Real Time Build Order
Export as new Build Order

Obbe Terran 

Build Orders:  

Get SALT Encoding   

  12  0:53  Refinery  
  12  0:55  Refinery  
  12  0:57  SCV  
  13  2:06  SCV  
  14  2:18  SCV  
Show
View Real Time Build Order
Export as new Build Order

DeeCosta Terran 

Build Orders: MMM Bio 

Get SALT Encoding   

  12  0:04  SCV  
  13  0:18  SCV  
  14  0:24  Supply Depot  
  14  0:30  SCV  
  14  0:32  Supply Depot  
  15  0:51  Barracks  
  15  0:57  SCV, Barracks  
  16  1:09  SCV  
  17  1:12  Engineering Bay  
  17  1:13  Barracks  
  17  1:21  SCV  
  18  1:33  SCV  
  18  1:39  Refinery  
  19  1:41  Missile Turret  
  19  1:46  Orbital Command  
  19  1:49  Marine x2  
  21  2:02  Refinery  
  21  2:04  Marine  
  21  2:07  Marine x2  
  24  2:18  SCV  
  24  2:22  Marine  
  26  2:28  Factory  
  26  2:29  Marine x2  
  28  2:30  SCV  
  29  2:40  Marine  
  29  2:43  SCV  
  31  3:03  Supply Depot  
  31  3:18  Command Center  
  31  3:25  Marine x2, SCV  
  31  3:26  Supply Depot  
  34  3:28  Factory  
  34  3:32  Factory Tech Lab  
  34  3:37  SCV  
  34  3:38  Armory  
  35  3:45  Barracks Tech Lab  
  35  3:47  Barracks Reactor  
  35  3:48  Barracks Reactor  
  35  3:49  SCV  
  36  4:01  SCV  
  37  4:12  Armory, Supply Depot  
  37  4:13  SCV  
  38  4:18  Factory Tech Lab  
  38  4:23  Combat Shields  
  38  4:25  SCV  
  39  4:35  Supply Depot  
  39  4:56  Command Center  
  39  5:03  Marine x5  
  44  5:21  Marine x2  
  46  5:28  Planetary Fortress  
  46  5:42  Concussive Shells  
  46  5:52  Building Armor  
  46  5:53  Refinery  
  46  5:55  Missile Turret  
  46  5:58  Missile Turret  
  46  5:59  Refinery  
  46  6:07  Missile Turret  
  46  6:18  Planetary Fortress  
  46  6:23  Marine x4  
  46  6:24  Marine  
  51  6:26  Stimpack  
  51  6:41  Marine  
  52  6:53  Terran Vehicle And Ship Armor Level 1  
  52  6:57  Terran Ship Weapons Level 1  
  52  7:07  Engineering Bay  
  52  7:12  Marine x4  
  52  7:13  Marine  
  57  7:20  SCV  
  58  7:30  Marine x5, SCV  
  58  7:32  Terran Infantry Weapons Level 1  
  58  7:33  SCV  
  58  7:37  Starport  
  65  7:42  SCV  
  66  7:45  Terran Infantry Armor Level 1  
  66  7:47  Marine  
  66  7:48  Marine x2  
  66  7:49  Thor  
  75  7:54  SCV  
  75  7:56  Thor  
  82  8:04  SCV  
  83  8:07  SCV  
  84  8:16  SCV, Starport Tech Lab  
  84  8:19  SCV  
  86  8:22  Starport  
  86  8:31  Thor  
  92  8:40  SCV  
  93  8:51  Terran Vehicle Weapons Level 1  
  93  8:52  SCV  
  94  9:00  Starport Tech Lab  
  94  9:02  Medivac  
  96  9:03  Fusion Core  
  96  9:16  Terran Ship Weapons Level 2  
  96  9:19  Thor  
  102  9:26  Hi-Sec Auto Tracking  
  102  9:31  Thor  
  102  9:32  Medivac  
  110  10:17  Command Center, Refinery  
  110  10:20  Missile Turret, Refinery  
  110  10:23  Missile Turret  
  110  10:25  Battlecruiser  
  116  10:41  Thor  
  122  10:44  Terran Vehicle And Ship Armor Level 2  
  122  10:45  Supply Depot  
  120  11:09  Supply Depot  
  44  12:14  Battlecruiser  
  44  12:15  Battlecruiser  
  50  12:21  Thor  
  42  12:58  Behemoth Reactor  
  42  13:19  Battlecruiser  
  54  13:55  Weapon Refit  
Show
View Real Time Build Order
Export as new Build Order

dgt Terran - Winner!

Build Orders:  

Get SALT Encoding   

  12  0:02  SCV  
  13  0:18  SCV  
  13  0:21  Supply Depot  
  14  0:30  SCV  
  15  0:46  Supply Depot  
  15  0:50  SCV  
  15  0:56  Refinery, Barracks  
  16  1:02  SCV  
  17  1:11  Supply Depot  
  17  1:14  SCV  
  18  1:29  Barracks  
  18  1:34  SCV  
  19  1:46  SCV  
  19  1:47  Marine  
  20  1:52  Refinery  
  21  1:58  SCV  
  22  2:04  Marine  
  23  2:13  SCV  
  23  2:14  Factory  
  24  2:16  Marine  
  24  2:22  Marine  
  26  2:34  Marine  
  26  2:35  Orbital Command  
  27  2:40  Marine  
  28  2:52  Marine  
  28  2:58  Marine  
  30  2:59  Factory Tech Lab  
  30  3:04  SCV  
  31  3:12  Marine  
  32  3:20  Siege Tank  
  35  3:36  SCV  
  35  3:37  Engineering Bay  
  36  3:51  Command Center  
  36  4:06  Barracks Tech Lab  
  36  4:10  Supply Depot  
  36  4:16  SCV  
  40  4:24  Siege Tank  
  40  4:28  SCV  
  40  4:30  Missile Turret  
  41  4:33  Supply Depot  
  41  4:36  Barracks Reactor  
  41  4:37  Marauder  
  43  4:56  SCV  
  44  5:08  SCV  
  44  5:12  Orbital Command  
  45  5:15  Siege Tank  
  45  5:16  Refinery  
  48  5:36  Starport  
  48  5:40  Starport  
  48  5:43  Armory  
  48  5:46  SCV  
  49  5:58  SCV  
  50  6:05  SCV  
  50  6:10  SCV  
  52  6:17  SCV  
  53  6:19  Refinery  
  53  6:22  Marine x2  
  55  6:26  Starport Tech Lab x2  
  55  6:30  SCV  
  55  6:32  Fusion Core  
  56  6:34  Terran Ship Weapons Level 1  
  56  6:43  Starport  
  56  7:30  Starport Tech Lab  
  56  7:49  Battlecruiser  
  56  7:50  Battlecruiser  
  68  7:54  SCV  
  68  7:55  Command Center  
  70  8:05  SCV  
  70  8:06  SCV  
  71  8:17  SCV  
  72  8:21  Weapon Refit  
  72  8:30  SCV  
  73  8:42  SCV  
  73  8:45  Marauder, Marine x2  
  78  8:52  Liberator x2  
  78  9:04  Behemoth Reactor  
  78  9:06  Marauder  
  78  9:09  Refinery  
  83  9:13  Hyperflight Rotors  
  86  9:31  Refinery  
  86  9:33  Raven  
  88  10:12  Refinery  
  88  10:21  Command Center  
  88  10:24  Battlecruiser  
  88  10:25  Battlecruiser  
  100  10:34  Refinery  
  100  10:49  Terran Ship Weapons Level 2  
  100  10:56  Marine  
  100  10:57  Marine  
  101  10:59  Combat Shields  
  102  11:08  Viking  
  104  11:11  Barracks  
  104  11:14  Marine x2  
  106  11:28  Viking  
  106  11:30  Supply Depot  
  106  11:31  Supply Depot  
  106  11:32  Marine x2  
  110  11:50  Marine x2  
  112  11:54  Supply Depot  
  112  11:57  Supply Depot  
  112  12:01  Barracks  
  96  12:19  Stimpack  
  96  12:21  Battlecruiser x2, Supply Depot  
  108  12:24  Barracks Reactor  
  108  12:26  SCV  
  109  12:33  SCV  
  110  12:45  SCV  
  111  13:07  Planetary Fortress  
  103  13:45  Battlecruiser x2  
  103  13:47  Terran Ship Weapons Level 3  
  115  14:01  Barracks Reactor  
  115  14:04  Marine x4  
  115  14:05  Marine  
  121  14:17  SCV  
  121  14:20  Concussive Shells  
  121  14:22  Marine x3  
  124  14:29  SCV  
  125  14:40  Advanced Ballistics  
  125  14:41  SCV, High Capacity Fuel Tanks, Explosive Shrapnel Shells  
  126  14:53  SCV  
  127  15:05  SCV  
  119  15:37  Corvid Reactor  
  107  15:46  Battlecruiser  
  107  15:47  Battlecruiser x2  
  98  16:41  Liberator  
  98  16:42  Starport  
  98  16:44  Planetary Fortress  
  98  16:51  Battlecruiser  
  104  16:57  Battlecruiser  
  113  17:05  SCV  
  114  17:17  SCV  
  115  17:23  Liberator  
  115  17:29  SCV  
  116  17:34  Starport Reactor  
  116  17:38  Liberator  
  116  17:41  SCV  
  120  17:49  Refinery  
  120  17:50  Refinery  
  120  17:53  SCV  
  124  18:16  Liberator x2  
  112  18:20  Command Center  
  112  18:31  Battlecruiser x2  
  130  18:59  Liberator x2  
  136  19:23  Liberator x3  
  132  19:42  Liberator x2  
Show
View Real Time Build Order
Export as new Build Order

Jhyrachy Zerg - Winner!

Build Orders: Pool First 

Get SALT Encoding   

  12  0:02  Drone  
  13  0:13  Drone  
  14  0:18  Overlord  
  14  0:38  Drone x3  
  17  1:02  Drone  
  18  1:07  Drone, Extractor  
  18  1:17  Spawning Pool  
  17  1:21  Hatchery, Drone  
  17  1:23  Drone  
  18  1:33  Overlord  
  18  1:45  Drone  
  19  2:04  Queen  
  21  2:10  Metabolic Boost  
  22  2:15  Drone x2  
  22  2:16  Drone, Extractor  
  23  2:32  Overlord  
  23  2:42  Queen  
  25  2:45  Drone x2  
  27  2:54  Baneling Nest  
  27  2:55  Lair  
  27  2:58  Drone x2  
  28  3:02  Drone  
  29  3:12  Evolution Chamber  
  28  3:15  Drone x2  
  28  3:17  Drone  
  31  3:38  Zergling x6  
  31  3:39  Zergling x2  
  31  3:41  Zerg Melee Weapons Level 1  
  35  3:46  Drone  
  35  3:47  Drone  
  37  3:53  Overlord  
  37  3:57  Zergling x6  
  37  4:00  Drone x2  
  42  4:05  Centrifical Hooks  
  42  4:30  Drone x4  
  45  4:48  Zergling x12  
  51  4:57  Hatchery, Overlord  
  51  4:58  Overlord  
  50  5:01  Drone  
  51  5:10  Queen  
  50  5:43  Zerg Melee Weapons Level 2  
  50  5:50  Drone  
  50  5:51  Drone x5  
  50  5:55  Drone  
  50  5:56  Overlord x2  
  57  5:59  Zergling x2  
  57  6:00  Zergling x4  
  60  6:28  Zergling x2  
  60  6:29  Zergling x20  
  60  6:32  Overlord  
  71  6:34  Pneumatized Carapace  
  71  6:43  Drone  
  72  6:52  Infestation Pit  
  71  6:56  Zergling x10  
  71  6:57  Zergling x14  
  83  7:32  Burrow  
  83  7:33  Hive  
  83  7:39  Evolution Chamber  
  84  7:48  Overlord x3  
  82  8:10  Zerg Ground Armor Level 1  
  82  8:20  Zergling x2  
  82  8:21  Zergling x42  
  104  8:29  Extractor  
  104  8:32  Extractor  
  102  8:34  Hatchery  
  101  8:54  Zerg Melee Weapons Level 3  
  101  8:55  Adrenal Glands  
  101  9:04  Ultralisk Cavern  
  100  9:50  Queen  
  102  10:06  Chitinous Plating  
  102  10:07  Zerg Ground Armor Level 2  
  102  10:22  Overlord x4  
  102  10:23  Overlord x2  
  102  10:24  Overlord x2  
  50  12:25  Ultralisk  
  50  12:26  Ultralisk x9  
  105  12:38  Zerg Ground Armor Level 3  
  105  12:52  Extractor  
  105  12:53  Overlord  
  105  12:54  Overlord x2  
  105  12:55  Extractor  
  105  12:58  Zergling x12  
  104  12:59  Zergling x48  
  104  13:00  Zergling x44  
  131  14:59  Zergling x2  
  132  15:00  Zergling x16  
  132  15:01  Zergling x26  
  132  15:02  Zergling x6  
  102  15:55  Hatchery  
  87  15:58  Extractor  
  87  15:59  Ultralisk x4  
  87  16:00  Extractor  
  109  16:49  Drone  
  109  16:50  Drone x19  
  109  16:51  Drone x3  
  132  17:26  Queen  
  110  19:21  Spire  
  109  19:24  Nydus Network  
  108  19:40  Ultralisk  
  108  19:41  Ultralisk x11  
  108  19:43  Overlord x3  
  179  20:05  Nydus Network  
  178  20:10  Spire  
  177  20:14  Spire  
  163  20:51  Nydus Canal  
  163  20:57  Nydus Canal  
Show
View Real Time Build Order
Export as new Build Order

Mart Zerg - Winner!

Build Orders: Pool First 

Get SALT Encoding   

  12  0:35  Drone x2  
  14  0:38  Overlord  
  14  0:56  Overlord  
  14  0:59  Extractor  
  14  1:03  Extractor  
  12  1:09  Drone x2  
  14  1:34  Spawning Pool  
  14  1:40  Drone x2  
  15  1:59  Hatchery  
  14  2:01  Drone  
  14  2:02  Drone x2  
  17  2:16  Drone  
  18  2:25  Queen  
  20  2:36  Drone x2  
  22  2:45  Drone  
  23  2:56  Drone  
  24  3:09  Spore Crawler  
  24  3:10  Drone  
  24  3:12  Drone  
  25  3:13  Queen  
  27  3:22  Lair  
  27  3:29  Drone  
  27  3:33  Drone  
  29  3:40  Drone x3  
  32  3:51  Drone x3  
  35  3:56  Drone  
  35  4:02  Overlord  
  36  4:16  Overlord  
  36  4:27  Drone, Spire  
  36  4:28  Drone  
  36  4:29  Drone  
  38  4:38  Drone  
  38  4:39  Drone  
  40  4:51  Hatchery  
  39  4:55  Drone x2  
  41  5:01  Extractor x2  
  41  5:04  Drone x3  
  42  5:20  Infestation Pit  
  41  5:29  Drone x2  
  43  5:52  Drone x2  
  43  5:53  Drone  
  46  5:57  Spore Crawler  
  46  6:03  Queen  
  47  6:04  Drone  
  47  6:11  Hive  
  48  6:24  Drone  
  48  6:25  Drone  
  50  6:29  Overlord  
  50  6:30  Overlord x6  
  50  6:31  Overlord  
  50  6:46  Drone x2  
  52  7:06  Spire  
  51  7:15  Drone  
  51  7:16  Drone x4  
  51  7:21  Extractor  
  55  7:24  Extractor  
  55  7:29  Greater Spire  
  54  7:39  Drone x2  
  56  7:47  Drone  
  56  7:50  Drone x2  
  56  7:51  Drone  
  60  8:08  Corruptor x6  
  60  8:09  Corruptor x7  
  60  8:10  Corruptor x2  
  90  8:15  Corruptor x3, Overlord  
  96  8:24  Zerg Flyer Weapons Level 1  
  96  8:29  Drone x5  
  107  8:48  Brood Lord x4  
  107  8:49  Brood Lord  
  107  8:52  Brood Lord  
  113  8:57  Brood Lord  
  115  9:11  Brood Lord x2  
  119  9:20  Zerg Flyer Armor Level 1  
  119  9:31  Brood Lord  
  121  9:46  Brood Lord x2  
  125  10:06  Brood Lord x2  
  129  10:31  Hatchery  
  128  10:38  Brood Lord  
  128  10:41  Overlord x3  
  128  10:42  Overlord x5  
  130  10:45  Zerg Flyer Weapons Level 2  
  130  11:14  Corruptor x4  
  130  11:15  Corruptor x2  
  112  12:24  Brood Lord x2  
  116  12:50  Zerg Flyer Armor Level 2  
  116  12:52  Corruptor x3  
  116  12:58  Brood Lord x5  
  128  12:59  Brood Lord  
  134  13:19  Corruptor x5  
  144  13:57  Hatchery  
  143  14:03  Zerg Flyer Weapons Level 3  
  139  15:36  Corruptor x3  
  139  15:39  Corruptor x6  
  139  15:40  Corruptor x5  
  167  15:45  Drone  
  167  15:46  Drone x2  
  170  15:50  Extractor  
  170  15:52  Extractor  
  168  16:28  Drone x2  
  168  16:29  Drone  
  171  16:36  Corruptor x2  
  171  16:37  Corruptor x5  
  185  16:48  Drone  
  172  20:39  Hatchery  
Show
View Real Time Build Order
Export as new Build Order

BaustoBlack Terran - Winner!

Build Orders: MMM Bio 

Get SALT Encoding   

  12  0:04  SCV  
  13  0:17  SCV  
  14  0:29  Supply Depot  
  14  0:32  SCV  
  15  0:48  Supply Depot  
  15  0:55  Barracks  
  15  1:11  SCV  
  15  1:18  Barracks  
  16  1:28  SCV  
  17  1:40  SCV  
  17  1:42  Marine  
  19  1:48  Supply Depot  
  19  1:54  SCV  
  20  2:01  Marine  
  20  2:06  Marine, SCV  
  23  2:10  Supply Depot  
  23  2:15  Barracks  
  23  2:19  Refinery  
  23  2:24  Refinery, Marine, SCV  
  25  2:33  Marine  
  25  2:36  SCV  
  27  2:40  Barracks  
  27  2:48  Marine  
  27  2:50  Marine  
  29  3:03  Marine  
  30  3:06  Marine  
  30  3:08  Marine  
  30  3:12  Supply Depot  
  32  3:21  Marine  
  32  3:24  Marine, SCV  
  32  3:26  Marine  
  36  3:36  SCV  
  37  3:46  Supply Depot  
  37  3:48  Marine x4, SCV  
  42  3:59  Engineering Bay  
  42  4:05  Marine  
  42  4:06  Marine x3  
  46  4:19  Orbital Command  
  46  4:23  Marine x2  
  46  4:24  Marine x2  
  49  4:27  Supply Depot  
  49  4:28  Hi-Sec Auto Tracking  
  50  4:39  Missile Turret  
  50  4:46  Barracks Tech Lab  
  50  4:48  Barracks Reactor  
  50  4:50  Barracks Reactor  
  50  4:53  Barracks Reactor  
  50  4:58  SCV  
  51  5:05  Supply Depot  
  51  5:11  SCV  
  52  5:20  Stimpack  
  52  5:23  Marine, SCV  
  54  5:31  Missile Turret  
  54  5:41  Marine  
  55  5:46  Terran Infantry Weapons Level 1  
  55  5:53  Supply Depot  
  55  5:59  Missile Turret  
  55  6:03  Marine x2  
  55  6:04  Marine  
  58  6:24  Command Center  
  58  6:30  Missile Turret  
  58  6:54  Marine x6  
  58  6:55  Marine  
  65  7:11  Marine  
  66  7:21  Combat Shields  
  66  7:40  Missile Turret, Terran Infantry Armor Level 1, SCV  
  67  8:10  Missile Turret  
  67  8:20  Missile Turret  
  67  8:27  Marine x4  
  67  8:28  Marine x3  
  74  8:43  Planetary Fortress  
  74  8:45  Marine x5  
  74  8:46  Marine x2  
  74  8:48  Missile Turret  
  81  9:02  Marine  
  81  9:03  Missile Turret, Marine x2  
  81  9:07  Missile Turret  
  84  9:24  Marine  
  84  9:25  Marine x4  
  89  10:04  Factory  
  89  10:21  Missile Turret  
  89  10:28  Missile Turret, SCV  
  90  10:34  Marine x4  
  90  10:35  Marine x3  
  97  10:40  SCV  
  98  10:50  Missile Turret  
  98  10:52  Marine x3, SCV  
  102  11:01  Supply Depot  
  102  11:04  Armory  
  102  11:22  Marine  
  102  11:23  SCV  
  104  11:27  Supply Depot  
  104  11:35  SCV  
  105  11:47  SCV  
  106  11:57  Starport, Terran Infantry Weapons Level 2  
  106  11:59  SCV  
  107  12:11  SCV  
  91  12:49  Factory Tech Lab, Medivac  
  93  12:59  Missile Turret  
  93  13:07  Missile Turret  
  93  13:13  Missile Turret  
  93  13:19  Medivac  
  95  13:38  Missile Turret  
  95  13:49  Supply Depot  
  79  15:57  Terran Infantry Weapons Level 3  
  79  16:00  Medivac  
  79  16:02  Marine  
  79  16:03  Marine x6  
  88  16:20  Marine x2  
  88  16:21  Marine x5  
  88  16:22  Refinery  
  95  16:30  Medivac  
  97  16:38  Marine x3  
  97  16:39  Marine x4  
  104  16:41  Supply Depot  
  104  16:56  Marine x4  
  104  16:57  Marine x3  
  104  16:58  Command Center  
  111  17:15  Marine  
  112  17:18  Supply Depot  
  112  17:24  Medivac  
  112  17:27  Marine x2  
  112  17:28  Marine x4  
  120  17:33  Marine  
  121  17:45  Marine x3  
  121  17:46  Marine x3  
  121  17:50  Marine  
  128  17:54  Medivac  
  130  18:03  Marine x4  
  130  18:04  Marine x2  
  136  18:27  Supply Depot  
  136  18:33  Terran Infantry Armor Level 2  
  136  18:35  Marine x2  
  136  18:36  Marine x5  
  143  18:53  Marine x3  
  143  18:54  Marine x4  
  150  19:11  Marine x4  
  150  19:12  Marine x3  
  157  19:29  Marine x6  
  157  19:30  Marine  
  162  19:48  Marine  
Tags
 
Add a new tag
Caveats
  • Supply blocks, unpowered buildings, or Contaminate may cause inaccurate times.
  • Supply counts are checked every 10 seconds.